 Dungeon Crawl Stone Soup version 0.17.1-3-g152610e (webtiles) character file.

70 Kaname the Slasher (level 3, -2/29 HPs)
             Began as a Demigod Skald on Mar 10, 2016.
             Slain by a goblin
             ... wielding a cursed +0 club
             ... led by Robin
              (5 damage)
             ... on level 4 of the Dungeon.
             The game lasted 00:04:56 (2277 turns).

Kaname the Slasher (Demigod Skald)                  Turns: 2277, Time: 00:04:56

Health: -2/29      AC:  3    Str: 15    XL:     3   Next: 77%
Magic:  8/8        EV: 11    Int: 18    God:
Gold:   133        SH:  0    Dex: 15    Spells: 2 memorised, 2 levels left

rFire  . . .     SeeInvis .     a - +0 falchion
rCold  . . .     Clarity  .     b - +0 leather armour
rNeg   + . .     SustAt   +     (no shield)
rPois  .         Gourm    .     (no helmet)
rElec  .         Spirit   .     (no cloak)
rCorr  .         Warding  +     (no gloves)
rMut   .         Stasis   .     (no boots)
MR     .....                    f - amulet of warding
Stlth  +.........               (no ring)
                                (no ring)

@: not resistant to hostile enchantments, very unstealthy
A: high mp 1, sustain attributes
a: no special abilities


You were on level 4 of the Dungeon.
You were not hungry.

You visited 1 branch of the dungeon, and saw 3 of its levels.

You collected 133 gold pieces.

Inventory:

Hand Weapons
 a - a +0 falchion (weapon)
Missiles
 o - 4 javelins (quivered)
Armour
 b - a +0 leather armour (worn)
Jewellery
 f - an amulet of warding (around neck)
Scrolls
 e - 2 scrolls of magic mapping {unknown}
 i - a scroll of identify {unknown}
 k - a scroll of noise {unknown}
 r - a scroll of recharging {unknown}
 s - a scroll of amnesia {unknown}
Potions
 g - a potion of magic {unknown}
 j - 3 potions of haste
 l - a potion of beneficial mutation {unknown}
 m - a potion of degeneration {unknown}
 n - a potion of heal wounds
 p - 2 potions of might {unknown}
Books
 c - a book of Battle

   Spells                             Type                      Level
   a - Infusion                       Charms                       1
   b - Shroud of Golubria             Charms/Translocation         2
   c - Song of Slaying                Charms                       2
   d - Spectral Weapon                Hexes/Charms                 3
   e - Regeneration                   Charms/Necromancy            3
Comestibles
 d - a bread ration
 h - 3 meat rations
 q - 4 chunks of flesh


   Skills:
 - Level 1.7 Fighting
 * Level 3.9 Long Blades
 - Level 0.8 Armour
 - Level 0.8 Dodging
 - Level 1.7 Spellcasting
 - Level 2.6 Charms


You had 2 spell levels left.
You knew the following spells:

 Your Spells              Type           Power        Failure   Level  Hunger
a - Infusion              Chrm           ##....       10%         1    #......
b - Song of Slaying       Chrm           ##......     12%         2    ###....


Dungeon Overview and Level Annotations

Branches:
Dungeon (4/15)
 Temple: D:4-7

Annotations:
D:2 Sigmund
D:4 Robin


Innate Abilities, Weirdness & Mutations

You have an increased reservoir of magic (+10% MP).
Your attributes are resistant to harm.


Message History

The goblin shouts!
The hobgoblin shouts!
Robin throws the goblin at you!
The hobgoblin shouts! x2
The goblin shouts!
The hobgoblin hits you but does no damage.
The hobgoblin misses you.
Robin roars a battlecry!
The goblins go into a battle-frenzy!
The hobgoblin completely misses you. Robin throws the goblin at you!
The goblin hits you. The ogre hits you with a giant club!
The hobgoblin barely misses you. The goblin hits you but does no damage.
Robin throws the goblin at you! The goblin hits you but does no damage.
The goblin hits you but does no damage. Robin throws the goblin at you!
The goblin hits you with a club.
* * * LOW HITPOINT WARNING * * *
The goblin hits you.
* * * LOW HITPOINT WARNING * * *
The goblin hits you with a club.
You die...

#......# #......# #......#
......# ##
.....######################.
#.................#........
#.....g.gO........'....!...
#....g.g.g@.......#........
#....gggg.g.......#.......#
#.......g.........#.......#
#......g..........#########
############...............
#...............
+...............
#...............
#...............


You could see an ogre, Robin, 7 hobgoblins and 4 goblins.

Vanquished Creatures
  2 adders (D:2)
  An ooze (D:1)
  9 bats
  4 giant cockroaches
  7 goblins
  6 hobgoblins
  3 jackals (D:2)
  A quokka (D:2)
  2 giant newts
  5 kobolds
  4 rats
44 creatures vanquished.

Notes
Turn   | Place    | Note
--------------------------------------------------------------
     0 | D:1      | Kaname the Demigod Skald began the quest for the Orb.
     0 | D:1      | Reached XP level 1. HP: 17/17 MP: 5/5
   185 | D:1      | Reached XP level 2. HP: 22/24 MP: 7/7
   189 | D:1      | Learned a level 2 spell: Song of Slaying
   467 | D:1      | Reached skill level 3 in Long Blades
   516 | D:1      | You fall through a shaft!
   516 | D:2      | Noticed Sigmund
   630 | D:2      | Reached XP level 3. HP: 18/29 MP: 4/8
  1806 | D:2      | Found an opulent altar of Gozag.
  2241 | D:2      | You fall through a shaft for 2 floors!
  2241 | D:4      | Noticed an ogre
  2267 | D:4      | Noticed Robin
  2277 | D:4      | Slain by a goblin

Action                   || total
-------------------------++-------
Melee: Falchion          ||   157
 Cast: Infusion          ||     4
  Use: Potion            ||     1
 Stab: Sleeping          ||     1
  Eat: Chunk             ||     2
       Bread ration      ||     1
